SKY
DETROIT TIGERS @ VIRGINIA BLACK BEARS
08/18/2052
 
TOP OF THE 1ST
Detroit Tigers batting - Pitching for Virginia Black Bears : LHP Todd Nguyen
Pitching: LHP Todd Nguyen
Batting: LHB Jim Harvill 0-0: Called Strike
0-1: Ball
1-1: Swinging Strike
1-2: Fly out, F8 (Flyball, 8RM, EV 92.5 MPH)
Batting: RHB Kyle Garette 0-0: Called Strike
0-1: Called Strike
0-2: Foul Ball, location: 9LDF
0-2: Ball
1-2: Strikes out swinging
Batting: SHB Carlos Vargas 0-0: Ball
1-0: Ball
2-0: Foul Ball, location: 7LDF
2-1: Called Strike
2-2: Ground out 6-3 (Groundball, 6, EV 110.6 MPH)
Top of the 1st over - 0 runs, 0 hits, 0 errors, 0 left on base; Detroit 0 - Virginia 0
BOTTOM OF THE 1ST
Virginia Black Bears batting - Pitching for Detroit Tigers : RHP Tommy Nickerson
Pitching: RHP Tommy Nickerson
Batting: RHB Rodd Marshall 0-0: Fly out, F6 (Line Drive, 6M, EV 72.5 MPH)
Batting: SHB Richard Chilekwu 0-0: Called Strike
0-1: Ball
1-1: Ball
2-1: Foul Ball, location: 7LDF
2-2: Ball
3-2: Strikes out looking
Batting: LHB Reuben Brellana 0-0: Called Strike
0-1: Foul Ball, location: 2F
0-2: Foul Ball, location: 25F
0-2: Fly out, F7 (Line Drive, 7S, EV 105.0 MPH)
Bottom of the 1st over - 0 runs, 0 hits, 0 errors, 0 left on base; Detroit 0 - Virginia 0
TOP OF THE 2ND
Detroit Tigers batting - Pitching for Virginia Black Bears : LHP Todd Nguyen
Batting: RHB Peter Bates 0-0: Ball
1-0: Ground out U3 (Groundball, 34S, EV 81.3 MPH)
Batting: RHB Dragon Dainty 0-0: Called Strike
0-1: Ball
1-1: Swinging Strike
1-2: Ground out 6-3 (Groundball, 6MS, EV 67.5 MPH)
Batting: RHB Merlin Weichert 0-0: Swinging Strike
0-1: Called Strike
0-2: Foul Ball, location: 2F
0-2: Ball
1-2: Strikes out swinging
Top of the 2nd over - 0 runs, 0 hits, 0 errors, 0 left on base; Detroit 0 - Virginia 0
BOTTOM OF THE 2ND
Virginia Black Bears batting - Pitching for Detroit Tigers : RHP Tommy Nickerson
Batting: RHB Franklin Bailey 0-0: Swinging Strike
0-1: Foul Ball, location: 9LMF
0-2: Ball
1-2: Strikes out swinging
Batting: LHB Mike Fisher 0-0: Called Strike
0-1: Swinging Strike
0-2: Fly out, F7 (Flyball, 78S, EV 91.9 MPH)
Batting: RHB Vic Berumen 0-0: Swinging Strike
0-1: Ball
1-1: Ball
2-1: Foul Ball, location: 2F
2-2: Strikes out swinging
Bottom of the 2nd over - 0 runs, 0 hits, 0 errors, 0 left on base; Detroit 0 - Virginia 0
TOP OF THE 3RD
Detroit Tigers batting - Pitching for Virginia Black Bears : LHP Todd Nguyen
Batting: RHB Diego Ruiz 0-0: Ground out 5-3 (Groundball, 56S, EV 90.0 MPH)
Batting: LHB Will Dishman 0-0: Ball
1-0: Foul Ball, location: 2F
1-1: Called Strike
1-2: Foul Ball, location: 2F
1-2: Ball
2-2: Fly out, F4 (Popup, 4M, EV 60.6 MPH)
Batting: RHB Owen Roberts 0-0: Foul Ball, location: 9LSF
0-1: Called Strike
0-2: Ball
1-2: SINGLE (Groundball, 4MD, EV 108.1 MPH)
Batting: LHB Jim Harvill 0-0: Called Strike
0-1: Fly out, F6 (Popup, 6MS, EV 85.0 MPH)
Top of the 3rd over - 0 runs, 1 hit, 0 errors, 1 left on base; Detroit 0 - Virginia 0
BOTTOM OF THE 3RD
Virginia Black Bears batting - Pitching for Detroit Tigers : RHP Tommy Nickerson
Batting: LHB Daniel Corona 0-0: Ball
1-0: Foul Ball, location: 7LDF
1-1: Called Strike
1-2: SINGLE (Groundball, 6MD, EV 99.4 MPH)
Batting: RHB Steve Greco 0-0: Ball
1-0: Bunted foul
1-1: Sac Bunt to 3S - play at first, batter OUT! 3-1
Daniel Corona to second
Batting: RHB Celso Deida 0-0: SINGLE (Line Drive, 8RS, EV 102.5 MPH)
Daniel Corona to third
Runner from 3rd tries for Home, SAFE, throw by CF to home
Batting: RHB Rodd Marshall 0-0: Ball
1-0: Foul Ball, location: 23FF
1-1: Foul Ball, location: 23FF
1-2: Ball
2-2: Foul Ball, location: 2F
2-2: Strikes out looking
Batting: SHB Richard Chilekwu 0-0: Called Strike
0-1: Fly out, F5 (Popup, 56S, EV 80.0 MPH)
Bottom of the 3rd over - 1 run, 2 hits, 0 errors, 1 left on base; Detroit 0 - Virginia 1
TOP OF THE 4TH
Detroit Tigers batting - Pitching for Virginia Black Bears : LHP Todd Nguyen
Batting: RHB Kyle Garette 0-0: Foul Ball, location: 3F
0-1: Ball
1-1: Foul Ball, location: 23F
1-2: Foul Ball, location: 23F
1-2: Ground out 6-3 (Groundball, 56D, EV 89.4 MPH)
Batting: SHB Carlos Vargas 0-0: Called Strike
0-1: Fly out, F8 (Line Drive, 8LM, EV 94.4 MPH)
Batting: RHB Peter Bates 0-0: Called Strike
0-1: Foul Ball, location: 23F
0-2: Ball
1-2: Ball
2-2: Foul Ball, location: 9LMF
2-2: Ball
3-2: Foul Ball, location: 3SF
3-2: Base on Balls
Batting: RHB Dragon Dainty 0-0: Called Strike
0-1: Foul Ball, location: 5F
0-2: Ball
1-2: Foul Ball, location: 3F
1-2: Ball
2-2: Strikes out swinging
Top of the 4th over - 0 runs, 0 hits, 0 errors, 1 left on base; Detroit 0 - Virginia 1
BOTTOM OF THE 4TH
Virginia Black Bears batting - Pitching for Detroit Tigers : RHP Tommy Nickerson
Batting: LHB Reuben Brellana 0-0: Foul Ball, location: 2F
0-1: Swinging Strike
0-2: Strikes out swinging
Batting: RHB Franklin Bailey 0-0: Swinging Strike
0-1: Called Strike
0-2: Strikes out swinging
Batting: LHB Mike Fisher 0-0: Called Strike
0-1: Ball
1-1: Called Strike
1-2: SINGLE (Line Drive, 89S, EV 88.8 MPH)
Batting: RHB Vic Berumen 0-0: Fielders Choice at 2nd, 6-4 (Groundball, 6, EV 91.9 MPH)
Bottom of the 4th over - 0 runs, 1 hit, 0 errors, 1 left on base; Detroit 0 - Virginia 1
TOP OF THE 5TH
Detroit Tigers batting - Pitching for Virginia Black Bears : LHP Todd Nguyen
Batting: RHB Merlin Weichert 0-0: Ground out 6-3 (Groundball, 6, EV 86.9 MPH)
Batting: RHB Diego Ruiz 0-0: Ball
1-0: Called Strike
1-1: Foul Ball, location: 9LMF
1-2: Ball
2-2: Strikes out looking
Batting: LHB Will Dishman 0-0: Ground out 4-3 (Groundball, 4, EV 81.9 MPH)
Top of the 5th over - 0 runs, 0 hits, 0 errors, 0 left on base; Detroit 0 - Virginia 1
BOTTOM OF THE 5TH
Virginia Black Bears batting - Pitching for Detroit Tigers : RHP Tommy Nickerson
Batting: LHB Daniel Corona 0-0: Ball
1-0: Ball
2-0: Called Strike
2-1: Swinging Strike
2-2: Foul Ball, location: 2F
2-2: Strikes out swinging
Batting: RHB Steve Greco 0-0: Swinging Strike
0-1: Ball
1-1: Swinging Strike
1-2: Strikes out looking
Batting: RHB Celso Deida 0-0: Ball
1-0: Foul Ball, location: 9LDF
1-1: Foul Ball, location: 5FF
1-2: SINGLE (Groundball, 6MD, EV 94.4 MPH)
Batting: RHB Rodd Marshall 0-0: Ball
1-0: Ball
2-0: SINGLE (Line Drive, 9LS, EV 90.0 MPH)
Celso Deida to second
Runner from 2nd tries for 3rd, SAFE, no throw by RF
Batting: SHB Richard Chilekwu 0-0: Swinging Strike
0-1: Ball
1-1: Foul Ball, location: 3F
1-2: Foul Ball, location: 7LMF
1-2: Ball
2-2: Ground out 4-3 (Groundball, 4, EV 100.0 MPH)
Bottom of the 5th over - 0 runs, 2 hits, 0 errors, 2 left on base; Detroit 0 - Virginia 1
TOP OF THE 6TH
Detroit Tigers batting - Pitching for Virginia Black Bears : LHP Todd Nguyen
Batting: RHB Owen Roberts 0-0: Ground out 3-1 (Groundball, 34, EV 80.6 MPH)
Batting: LHB Jim Harvill 0-0: Ball
1-0: Ball
2-0: Called Strike
2-1: Ball
3-1: Called Strike
3-2: SINGLE (Line Drive, 8RS, EV 96.9 MPH)
Batting: RHB Kyle Garette 0-0: Called Strike
0-1: Foul Ball, location: 5SF
0-2: Foul Ball, location: 9LMF
0-2: Grounds into double play, 4-6-3 (Groundball, 34S, EV 90.0 MPH)
Top of the 6th over - 0 runs, 1 hit, 0 errors, 0 left on base; Detroit 0 - Virginia 1
BOTTOM OF THE 6TH
Virginia Black Bears batting - Pitching for Detroit Tigers : RHP Tommy Nickerson
Batting: LHB Reuben Brellana 0-0: Called Strike
0-1: SINGLE (Line Drive, 9S, EV 95.6 MPH)
Batting: RHB Franklin Bailey 0-0: Ball
1-0: Called Strike
1-1: Swinging Strike
1-2: Strikes out swinging
Batting: LHB Mike Fisher 0-0: Called Strike
0-1: Swinging Strike
0-2: Ball
1-2: Ball
2-2: Ball
3-2: Base on Balls
Reuben Brellana to second
Batting: RHB Vic Berumen 0-0: Called Strike
0-1: Fly out, F6 (Line Drive, 6, EV 71.3 MPH)
Batting: LHB Daniel Corona 0-0: Ball
1-0: Ball
2-0: Ball
3-0: Base on Balls
Reuben Brellana to third
Mike Fisher to second
Batting: RHB Steve Greco 0-0: Ground out 5-3 (Groundball, 56S, EV 72.5 MPH)
Bottom of the 6th over - 0 runs, 1 hit, 0 errors, 3 left on base; Detroit 0 - Virginia 1
TOP OF THE 7TH
Detroit Tigers batting - Pitching for Virginia Black Bears : LHP Todd Nguyen
Batting: SHB Carlos Vargas 0-0: Ball
1-0: Foul Ball, location: 5SF
1-1: Ball
2-1: Foul Ball, location: 25FF
2-2: Strikes out swinging
Batting: RHB Peter Bates 0-0: Ball
1-0: Ball
2-0: Called Strike
2-1: Swinging Strike
2-2: Foul Ball, location: 2F
2-2: Ball
3-2: Ground out 6-3 (Groundball, 6, EV 76.9 MPH)
Batting: RHB Dragon Dainty 0-0: Called Strike
0-1: Fly out, F8 (Flyball, 89D, EV 102.5 MPH)
Top of the 7th over - 0 runs, 0 hits, 0 errors, 0 left on base; Detroit 0 - Virginia 1
BOTTOM OF THE 7TH
Virginia Black Bears batting - Pitching for Detroit Tigers : RHP Tommy Nickerson
Batting: RHB Celso Deida 0-0: Ball
1-0: Foul Ball, location: 2F
1-1: Called Strike
1-2: Foul Ball, location: 2F
1-2: Strikes out swinging
Batting: RHB Rodd Marshall 0-0: Foul Ball, location: 2F
0-1: Foul Ball, location: 2F
0-2: Ball
1-2: Fly out, F8 (Line Drive, 78M, EV 96.9 MPH)
Batting: SHB Richard Chilekwu 0-0: Foul Ball, location: 7LMF
0-1: Ball
1-1: Ball
2-1: Swinging Strike
2-2: Ground out 4-3 (Groundball, 4, EV 83.8 MPH)
Bottom of the 7th over - 0 runs, 0 hits, 0 errors, 0 left on base; Detroit 0 - Virginia 1
TOP OF THE 8TH
Detroit Tigers batting - Pitching for Virginia Black Bears : LHP Todd Nguyen
Batting: RHB Merlin Weichert 0-0: Ball
1-0: Ball
2-0: Called Strike
2-1: Foul Ball, location: 2RF
2-2: SINGLE (Flyball, 7LS, EV 85.6 MPH)
Batting: RHB Diego Ruiz 0-0: Fly out, F8 (Flyball, 8RD, EV 95.0 MPH)
Pinch Hitting: RHB Aarón Gutiérrez 0-0: DOUBLE (Line Drive, 89M, EV 86.9 MPH)
Merlin Weichert to third
Pitching: RHP R.J. Slaven
Batting: RHB Owen Roberts 0-0: Ball
1-0: Fly out, F3 (Line Drive, 3L, EV 67.5 MPH)
Batting: LHB Jim Harvill 0-0: Ball
1-0: Ball
2-0: Swinging Strike
2-1: Swinging Strike
2-2: Ball
3-2: Strikes out swinging
Top of the 8th over - 0 runs, 2 hits, 0 errors, 2 left on base; Detroit 0 - Virginia 1
BOTTOM OF THE 8TH
Virginia Black Bears batting - Pitching for Detroit Tigers : RHP Tommy Nickerson
Pitching: LHP Woodie Blackman
Now at 2B: Owen Roberts
Now at SS: Zaiden Parker
Batting: LHB Reuben Brellana 0-0: Ball
1-0: Fly out, F8 (Flyball, 8RD, EV 96.3 MPH)
Pitching: RHP Jonas Gallick
Batting: RHB Franklin Bailey 0-0: Fly out, F9 (Flyball, 9D, EV 88.1 MPH)
Batting: LHB Mike Fisher 0-0: Ball
1-0: Ball
2-0: Foul Ball, location: 2F
2-1: Foul Ball, location: 3DF
2-2: Strikes out looking
Bottom of the 8th over - 0 runs, 0 hits, 0 errors, 0 left on base; Detroit 0 - Virginia 1
TOP OF THE 9TH
Detroit Tigers batting - Pitching for Virginia Black Bears : RHP R.J. Slaven
Batting: RHB Kyle Garette 0-0: Swinging Strike
0-1: Swinging Strike
0-2: Ball
1-2: Foul Ball, location: 2F
1-2: Strikes out swinging
Batting: SHB Carlos Vargas 0-0: Called Strike
0-1: Foul Ball, location: 2F
0-2: Strikes out looking
Pinch Hitting: LHB Verrell Vander Mark 0-0: Swinging Strike
0-1: SINGLE (Line Drive, 4M, EV 98.1 MPH)
Batting: RHB Dragon Dainty 0-0: Called Strike
0-1: Ball
1-1: Fly out, F4 (Popup, 34D, EV 71.3 MPH)
Top of the 9th over - 0 runs, 1 hit, 0 errors, 1 left on base; Detroit 0 - Virginia 1
Friday, May 3rd , 2024 - OOTP Baseball 24.11 Build 85